 Dungeon Crawl Stone Soup version 0.31-a0-836-g3ceb0a68c4 (webtiles) character file.

Game seed: 2318193346283450338

32 javelincjr the Trooper (level 3, -2/29 HPs)
             Began as a Demonspawn Fighter on Sept 26, 2023.
             Was an Initiate of Qazlal.
             Killed from afar by Sigmund (5 damage)
             ... with a puff of flame
             ... on level 2 of the Dungeon.
             The game lasted 00:03:59 (955 turns).

javelincjr the Trooper (Demonspawn Fighter)          Turns: 955, Time: 00:04:00

Health: -2/29      AC:  8    Str: 18    XL:     3   Next: 10%
Magic:  3/3        EV:  9    Int:  9    God:    Qazlal [......]
Gold:   47         SH:  4    Dex: 12    Spells: 2/2 levels left

rFire   . . .        a - +0 trident
rCold   . . .        c - +0 buckler
rNeg    . . .        b - +0 scale mail
rPois   .            (no helmet)
rElec   .            (no cloak)
rCorr   .            (no gloves)
SInv    .            (no boots)
Will    .....        (no amulet) Stlth
                     (no ring)
HPRegen 0.24/turn    (no ring)
MPRegen 0.08/turn

%: no passive effects
@: no status effects
A: slimy green scales 1
a: Renounce Religion


You were on level 2 of the Dungeon.
You worshipped Qazlal.
Qazlal was noncommittal.
You visited 1 branch of the dungeon, and saw 2 of its levels.

You collected 47 gold pieces.

Inventory:

Hand Weapons
 a - a +0 trident (weapon)
Armour
 b - a +0 scale mail (worn)
 c - a +0 buckler (worn)
 i - a +2 leather armour of cold resistance
Scrolls
 h - a scroll of revelation {unknown}
Potions
 d - a potion of might
 e - a potion of resistance {unknown}
 f - a potion of ambrosia {unknown}
 g - a potion of degeneration {unknown}
 j - a potion of heal wounds {unknown}
 k - a potion of berserk rage {unknown}
 l - a potion of haste {unknown}


   Skills:
 + Level 3.3 Fighting
 + Level 2.2 Polearms
 + Level 3.0 Armour
 + Level 3.0 Shields


You had 2 spell levels left.
You didn't know any spells.
Your spell library contained the following spells:

 Spells                   Type           Power      Damage    Failure   Level
 Magic Dart               Conj           0%         1d3       85%         1
 Call Imp                 Summ           0%         N/A       94%         2
 Mephitic Cloud           Conj/Pois/Air  0%         N/A       99%         3


Dungeon Overview and Level Annotations

Branches:
Dungeon (2/15)

Altars:
Qazlal

Shops:
D:1 :

Annotations:
D:2 Sigmund


Innate Abilities, Weirdness & Mutations

You are partially covered in slimy green scales. (AC +2)


Message History

You are too confused!
You are too confused!
You are too confused!
You are too confused!
You are too confused!
Found 7 stones.
Sigmund casts a spell at you.
The puff of flame hits you but does no damage.
Sigmund hits you from afar with a +0 scythe.
Sigmund closely misses you.
You hit Sigmund.
Sigmund is severely wounded.
You bump into the rock wall.
Sigmund hits you with a +0 scythe.
Found a grey potion.
You feel less confused. Sigmund casts a spell at you. The magic dart hits you!
You hit Sigmund.
Sigmund is severely wounded.
Sigmund hits you but does no damage.
You puncture Sigmund!
Sigmund is almost dead.
Sigmund gestures wildly while chanting.
Sigmund flickers and vanishes!
Deactivating autopickup; reactivate with Ctrl-A.
You miss something. Something hits you.
* * * LOW HITPOINT WARNING * * *
You completely miss something. You block something's attack.
You closely miss something. You block something's attack.
You miss something. You barely miss something. Something hits you.
* * * LOW HITPOINT WARNING * * *
You hit something but do no damage.
You hear some strange, mumbled words.
Something tries to affect you, but you resist.
You miss something.
You hear some strange, mumbled words.
A puff of flame appears from out of thin air!
The puff of flame hits you.
You die...

##........##.####
##)..............#
.......######....#
.......# #..(.#
.......### #....#
.........# #....+
.........####....#####...
.........#...............
.........#......@.......!
.......###.....{#####....
....'### #...............
....'..# #...).#####... .
....##.###............
...<##....###+#####.##
....#####..# ....# ##.#
##### #.#


There were no monsters in sight!

Vanquished Creatures
  A dart slug (D:1)
  5 ball pythons (D:1)
  3 bats (D:1)
  3 endoplasms
  A giant cockroach (D:1)
  3 goblins
  3 hobgoblins (D:1)
  2 jackals (D:1)
  A kobold (D:1)
  2 frilled lizards (D:1)
  4 rats
28 creatures vanquished.

Notes
Turn   | Place    | Note
-------+----------+-------------------------------------------
     0 | D:1      | javelincjr the Demonspawn Fighter began the quest for the
                  | Orb.
     0 | D:1      | Reached XP level 1. HP: 18/18 MP: 1/1
    47 | D:1      | Found Pobaoschine's Book Boutique.
   147 | D:1      | Gained mutation: You are partially covered in slimy green
                  | scales. (AC +2) [demonic ancestry]
   147 | D:1      | Reached XP level 2. HP: 20/24 MP: 2/2
   702 | D:1      | Reached XP level 3. HP: 29/29 MP: 3/3
   873 | D:2      | Found a stormy altar of Qazlal.
   884 | D:2      | Became a worshipper of Qazlal Stormbringer
   929 | D:2      | Noticed Sigmund
   955 | D:2      | Killed from afar by Sigmund

Illustrated notes

Levels and vault maps discovered:
D:1:      ebering_trefoil_3fold, layout_basic, serial_shops,
          nicolae_shop_tiny_glass, st_stairs_2
D:2:      layout_basic, basic_altar, minmay_misc_feat_rows, uniq_sigmund

Skill      XL: |  1  2 |
---------------+-------+-----
Polearms       | 2 |  2.2
Shields        | 3 |  3.0
Armour         | 3 |  3.0
Fighting       | |  3.3

Action                     || total
---------------------------++-------
  Melee: Trident           ||    91
 Armour: Scale mail        ||    55
  Dodge: Dodged            ||    35
  Block: Buckler           ||    24

Table legend: (Time is in decaauts)
 A = Elapsed time spent in this place.
 B = Non-inter-level travel time spent in this place.
 C = Inter-level travel time spent in this place.
 D = Time resting spent in this place.
 E = Time spent auto-exploring this place.
 F = Levels seen in this place.
 G = Mean time per level.
                   A        B        C        D        E       F      G
               +--------+--------+--------+--------+--------+-----+--------+
         Total |    975 |    956 |     19 |      0 |    709 |   2 |  487.5 |
       Dungeon |    975 |    956 |     19 |      0 |    709 |   2 |  487.5 |
               +--------+--------+--------+--------+--------+-----+--------+

Top non-repeatable levels by time:
     D:1: 752 daAuts
     D:2: 223 daAuts
